Franci

Match 16022888
End
Vickers Machine Gun Team
Construct Section Command Post
Infantry Section
Infantry Section
Grenade Package
Construct Platoon Command Post
Infantry Section
Humber Armored Car
6-pounder Anti-tank Gun Team
Selects Heavy Armor Battlegroup
Selects Rigorous Vehicle Training
Construct Field Infirmary
Selects Crusader AA Medium Tank
Selects Engineer Detachments
Selects Forward Repair Assembly
Royal Engineer Section
Royal Engineer Section
Vickers Machine Gun Team
Crusader AA Medium Tank
6-pounder Anti-tank Gun Team
Selects Churchill IV Heavy Tank
Royal Engineer Section
AI Takeover
DevilDuck
Calibre30
JaddFX
Carrots
0
0

Comments sign in to comment!

No comments posted yet!